 Dungeon Crawl Stone Soup version 0.31-a0-818-ge7c7cf74f0 (console) character file.

Game seed: 8510786737443945237

2 petzl the Sneak (level 1, -1/18 HPs)
             Began as a Formicid Delver on Sept 22, 2023.
             Slain by a sky beast (4 damage)
             ... on level 6 of the Dungeon.
             The game lasted 00:02:39 (381 turns).

petzl the Sneak (Formicid Delver)                    Turns: 381, Time: 00:02:39

Health: -1/18      AC:  3    Str: 16    XL:     1   Next: 33%
Magic:  1/1        EV: 12    Int:  9    God:
Gold:   24         SH:  0    Dex: 15    Spells: 1/1 levels left

rFire   . . .        a - +0 mace
rCold   . . .        (no shield)
rNeg    . . .        b - +0 leather armour
rPois   .            (helmet unavailable)
rElec   .            (no cloak)
rCorr   .            (no gloves)
SInv    +            (no boots)
Will    .....        (no amulet)
Stlth   +++          (no ring)
HPRegen 0.23/turn    (no ring)
MPRegen 0.07/turn

%: no passive effects
@: no status effects
A: permanent stasis, dig shafts and tunnels, antennae 3, four strong arms
a: Dig, Shaft Self


You were on level 6 of the Dungeon.
You visited 1 branch of the dungeon, and saw 4 of its levels.

You collected 24 gold pieces.

Inventory:

Hand Weapons
 a - a +0 mace (weapon)
Missiles
 j - 4 stones (quivered)
Armour
 b - a +0 leather armour (worn)
Jewellery
 g - a +5 ring of evasion
Wands
 f - a wand of digging (3)
Scrolls
 c - a scroll of fog
 d - a scroll of revelation
 k - a scroll of identify {unknown}
Potions
 e - a potion of heal wounds {unknown}
 h - 2 potions of curing {unknown}
 i - a potion of degeneration {unknown}


   Skills:
 - Level 3.2 Fighting
 - Level 2.0 Maces & Flails
 - Level 1.7 Dodging
 - Level 6.0 Stealth
 + Level 0.6 Spellcasting


You had one spell level left.
You didn't know any spells.
Your spell library was empty.

Dungeon Overview and Level Annotations

Branches:
Dungeon (8/15)
 Temple: D:4-7         Lair: D:8-11

Altars:

Annotations:
D:7 exclusions: sensed monster (detected), steam dragon and upstairs
D:8 exclusion: 2 sensed monsters (detected)


Innate Abilities, Weirdness & Mutations

You cannot be hasted, slowed, berserked, paralysed or teleported.
You can dig through walls and to a lower floor.
You have a pair of large antennae on your head. (SInv)
Your four strong arms can wield two-handed weapons with a shield.


Message History

The orc closely misses you.
You hit the orc.
You kill the orc!
Unknown command.
A steam dragon comes into view.
Things that are here:
a +0 dagger {!f =f}; a +0 leather armour; an orc corpse
Press: ? - help, . - travel You can't see that place. [the floor.] Placed new exclusion.
Unknown command.
Unknown command.
There is a stone staircase leading down here.
You start resting.
HP restored.
You now have 11 gold pieces.
You sense a monster nearby.
You now have 24 gold pieces (gained 13).
There are no items here.
Press: ? - help, . - travel You can't see that place.
Placed new exclusion.
Unknown command.
Found a stone staircase leading up.
There is a stone staircase leading up here.
You climb upwards.
The sky beast flickers out of sight for a moment.
The sky beast misses you.
There is a stone staircase leading down here.
Okay, then.
Unknown command.
The sky beast attacks as it pursues you!
The sky beast hits you. The sky beast shocks you.
Are you sure you want to shaft yourself?
The sky beast hits you. The sky beast shocks you.
* * * LOW HITPOINT WARNING * * *
You begin to dig a shaft.
You continue digging a shaft.
The sky beast hits you.
You die...

####
#...##########.
#.@Y.>.......
.......##########.
#####.# ... ### {


You could see a sky beast (invisible).

Vanquished Creatures
  An orc (D:7)
1 creature vanquished.

Notes
Turn   | Place    | Note
-------+----------+-------------------------------------------
     0 | D:5      | petzl the Formicid Delver began the quest for the Orb.
     0 | D:5      | Reached XP level 1. HP: 18/18 MP: 1/1
    11 | D:6      | Noticed a hound
    38 | D:5      | Noticed a scorpion
    46 | D:5      | You fall into a shaft and drop 2 floors!
   129 | D:6      | Noticed a scorpion
   217 | D:8      | Noticed an orc warrior
   242 | D:7      | Noticed a steam dragon
   376 | D:6      | Noticed a sky beast
   381 | D:6      | Slain by a sky beast

Illustrated notes

Levels and vault maps discovered:
D:5:      layout_rooms, temple_doors_ab, kennysheep_small_spiral,
          lexackson_kobold_supper, uniq_ijyb
D:6:      layout_loops_ring, minmay_pentangle
D:7:      layout_basic, mainiacjoe_overflow_small_starburst
D:8:      layout_loops_ring, lightli_temple_of_fire,
          nicolae_overflow_hallway_of_the_gods, lair_entry_dummy

Action                     || total
---------------------------++-------
  Melee: Mace              ||     9
  Throw: Stone             ||     1
Ability: Shaft Self        ||     2
    Use: Scroll            ||     1
 Armour: Leather armour    ||     9
  Dodge: Dodged            ||     8

Table legend: (Time is in decaauts)
 A = Elapsed time spent in this place.
 B = Non-inter-level travel time spent in this place.
 C = Inter-level travel time spent in this place.
 D = Time resting spent in this place.
 E = Time spent auto-exploring this place.
 F = Levels seen in this place.
 G = Mean time per level.
                   A        B        C        D        E       F      G
               +--------+--------+--------+--------+--------+-----+--------+
         Total |    384 |    384 |      0 |     43 |     83 |   4 |   96.0 |
       Dungeon |    384 |    384 |      0 |     43 |     83 |   4 |   96.0 |
               +--------+--------+--------+--------+--------+-----+--------+

Top non-repeatable levels by time:
     D:7: 250 daAuts
     D:8: 80 daAuts
     D:6: 27 daAuts
     D:5: 25 daAuts
